Cogmind - Beta 12 @@@ ROGUE MODE // 2023.03.06 @ 12:46:47 Player: Runia Result: Self-destructed Performance ------------- Evolutions (1) 500 Regions Visited (3) 600 Robots Destroyed (20) 100 Value Destroyed (402) 402 Prototype IDs (0) 0 Alien Tech Used (0) 0 Bonus (0) 0 TOTAL SCORE: 1602 Bonus ------- None Cogmind --------- Core Integrity 5/400 Matter 89/300 Energy 100/100 System Corruption 0% Temperature Cool (0) Movement Core (50) Location -9/Materials Parts ------- > --- POWER (1) -------- (None) > --- PROPULSION (2) --- (None) > --- UTILITY (3) ------ (None) > --- WEAPON (3) ------- (None) > --- INVENTORY (5) ---- Light Treads Light Treads High-capacity Matter Pod (124) Medium Laser Grenade Launcher Peak State ------------ > --- POWER ------------ Ion Engine > --- PROPULSION ------- Light Treads Light Treads > --- UTILITY ---------- Small Storage Unit Light Armor Plating > --- WEAPON ----------- Assault Rifle Light Assault Rifle Light Assault Rifle > --- INVENTORY -------- Light Treads Light Treads High-capacity Matter Pod Grenade Launcher Grenade Launcher [Rating: 8] Favorites ----------- Power Light Ion Engine Engine Light Ion Engine Propulsion Light Treads Treads Light Treads Leg Aluminum Leg Utility Small Storage Unit Storage Small Storage Unit Protection Light Armor Plating Weapon Light Assault Rifle Energy Gun Medium Laser Ballistic Gun Light Assault Rifle Launcher Grenade Launcher Build | -11 -10 -10 -9 ------- Run | Jun Mat Min Mat Slots Evolved 2 | . . . 2 Power . | . . . . Propulsion . | . . . . Utility 1 | . . . 1 Weapon 1 | . . . 1 Parts Attached 25 | 2 12 2 9 Power 3 | . 2 1 . Engine 3 | . 2 1 . Core . | . . . . Reactor . | . . . . Propulsion 8 | 2 5 . 1 Treads 8 | 2 5 . 1 Leg . | . . . . Wheel . | . . . . Hover . | . . . . Flight . | . . . . Utility 1 | . 1 . . Device . | . . . . Storage . | . . . . Processor . | . . . . Hackware . | . . . . Protection 1 | . 1 . . Artifact . | . . . . Weapon 13 | . 4 1 8 Energy Gun 3 | . 2 . 1 Energy Cannon . | . . . . Ballistic Gun 7 | . 2 1 4 Ballistic Cannon . | . . . . Launcher 3 | . . . 3 Special Weapon . | . . . . Impact Weapon . | . . . . Slashing Weapon . | . . . . Piercing Weapon . | . . . . Special Melee Weapon . | . . . . Unidentified Prototypes . | . . . . Parts Lost 6 | . . 2 4 Power 2 | . . 1 1 Propulsion . | . . . . Utility 1 | . . . 1 Weapon 3 | . . 1 2 Highest Loss Streak 4 | . . 1 4 To Critical Strikes . | . . . . Average Slot Usage (%) 83 | . 83 99 48 Engine 11 | . 13 13 6 Treads 24 | . 26 28 14 Storage 12 | . 14 14 7 Protection 6 | . . 14 3 Energy Gun 9 | . 13 8 . Ballistic Gun 16 | . 13 18 16 Naked Turns 87 | . . . 87 Heaviest Build 17 | 11 14 16 17 Greatest Support 40 | 40 40 40 40 Greatest Overweight (x) 2 | . 2 . . Average Overweight (x) . | . . . . Largest Inventory Capacity 8 | 8 8 8 8 Average Capacity 7 | 8 8 8 6 Most Carried 8 | 6 8 8 7 Average Carried 6 | 4 6 7 5 Final Capacity 8 | 8 8 8 5 Final Carried 8 | 2 8 7 5 Class Distribution -------------------- 93% | Mutant 6% | Tank Dominant Class ---------------- Mutant | -10/Materials Mutant | -10/Mines Mutant | -9/Materials Resources | -11 -10 -10 -9 ----------- Run | Jun Mat Min Mat Matter Collected 565 | 178 187 181 19 Remotely . | . . . . Salvage Created 411 | . 46 184 181 Parts 41 | . 4 15 22 Haulers Intercepted 1 | . . . 1 Recyclers Shooed 1 | . . . 1 Parts Field Recycled . | . . . . Retrieved Matter . | . . . . Parts Self-Destructed . | . . . . Prevented . | . . . . Kills | -11 -10 -10 -9 ------- Run | Jun Mat Min Mat Combat Hostiles Destroyed 14 | . 1 7 6 Guns 8 | . 1 7 . AOE 6 | . . . 6 Classes Destroyed 6 | . 1 1 4 Worker 1 | . . . 1 Builder 4 | . . . 4 Hauler 1 | . . . 1 Swarmer 6 | . . 5 1 Grunt 7 | . 1 2 4 Sentry 1 | . . . 1 Best Kill Streak 12 | . 1 2 12 Combat Bots Only 3 | . 1 2 3 Max Kills in Single Turn 2 | . 1 1 2 Gunslinging . | . . . . Exploded 1 | . . . 1 Melee . | . . . . Uniques/NPCs Destroyed . | . . . . Combat | -11 -10 -10 -9 -------- Run | Jun Mat Min Mat Damage Taken 1284 | . 75 349 860 Core 463 | . 11 57 395 Absorbed by Shields . | . . . . Core Remaining (%) 86 | 100 . 72 . Volleys Fired 55 | . 8 25 22 Largest 3 | . 2 2 3 Hottest 90 | . 70 70 90 Shots Fired 103 | . 16 49 38 Gun 91 | . 16 49 26 Cannon . | . . . . Launcher 12 | . . . 12 Special . | . . . . Kinetic 70 | . 8 38 24 Thermal 21 | . 8 11 2 Explosive 12 | . . . 12 Electromagnetic . | . . . . Robot Hit Streak 7 | . 7 4 7 Robot Miss Streak 5 | . 5 4 3 Penetration Max . | . . . . Secondary Targets 2 | . . 2 . Max Gunslinging Chain 1 | . . 1 . Shots Hit Robots 51 | . 9 23 19 Core Hits 46 | . 4 11 31 Critical Kills . | . . . . Critical Parts Destroyed 1 | . 1 . . Critical Strikes 1 | . 1 . . Destroy 1 | . 1 . . Melee Attacks . | . . . . Impact . | . . . . Slashing . | . . . . Piercing . | . . . . Sneak Attacks . | . . . . Combat Hostiles . | . . . . Follow-up Attacks . | . . . . Damage Inflicted 1316 | . 98 235 983 Guns 506 | . 98 235 173 Cannons . | . . . . Explosions 810 | . . . 810 Melee . | . . . . Ramming . | . . . . Kinetic 370 | . 38 183 149 Thermal 136 | . 60 52 24 Explosive 810 | . . . 810 Electromagnetic . | . . . . Impact . | . . . . Slashing . | . . . . Piercing . | . . . . Highest Corruption . | . . . . Average Corruption . | . . . . Corruption Purged . | . . . . Corruption Blocked . | . . . . Overload Shots . | . . . . Overflow Damage 4 | . . . 4 Projectiles . | . . . . Explosions 4 | . . . 4 Melee . | . . . . Knockbacks . | . . . . Impact . | . . . . Kinetic . | . . . . Secondary . | . . . . Self-Inflicted Damage . | . . . . Shots . | . . . . Rammed . | . . . . Targets Rammed . | . . . . Kicked . | . . . . Crushed . | . . . . Highest Temperature 294 | . 60 294 28 Average Temperature 59 | . 22 88 10 Received Heat Transfer 288 | . 30 99 159 Siege Activations . | . . . . Robots Corrupted . | . . . . Combat Hostiles . | . . . . Parts Fried . | . . . . Impact Corruptions . | . . . . Robots Melted . | . . . . Combat Hostiles . | . . . . Parts Melted . | . . . . Heat Transferred 407 | . 185 148 74 Parts Sabotaged . | . . . . Parts Stolen . | . . . . Parts Stripped . | . . . . Power Chain Reactions . | . . . . Missiles Intercepted . | . . . . Alert | -11 -10 -10 -9 ------- Run | Jun Mat Min Mat Peak Influence 404 | . 45 220 404 Initial 7 | . . 5 7 Average 59 | . 21 40 176 Maximum Alert Level 2 | . . 1 2 Low Security (%) 89 | 100 100 96 55 Level 1 10 | . . 3 43 Level 2 . | . . . 1 Level 3 . | . . . . Level 4 . | . . . . Level 5 . | . . . . High Security . | . . . . Max Security . | . . . . Squads Dispatched 4 | . 2 . 2 Investigation . | . . . . Extermination . | . . . . Reinforcement 4 | . 2 . 2 Assault . | . . . . Garrison . | . . . . Intercept . | . . . . Searches Triggered . | . . . . Construction Impeded 1 | . . . 1 Haulers Reinforced . | . . . . Active Scanning Responses . | . . . . Cargo Convoy Interrupts . | . . . . Stealth | -11 -10 -10 -9 --------- Run | Jun Mat Min Mat Distress Signals 2 | . 1 . 1 Communications Jammed . | . . . . Distress Signals . | . . . . Times Spotted 41 | . 11 9 21 Peak Tracking Total 8 | . 6 3 8 Tactical Retreats 6 | . . 2 4 Traps | -11 -10 -10 -9 ------- Run | Jun Mat Min Mat Traps Triggered 6 | . 6 . . Indirectly . | . . . . Trap Hack Attempts . | . . . . Triggered . | . . . . Disarmed . | . . . . Reprogrammed . | . . . . Reused . | . . . . Traps Extracted . | . . . . Installed . | . . . . Triggered . | . . . . Machines | -11 -10 -10 -9 ---------- Run | Jun Mat Min Mat Machines Disabled 1 | . . . 1 Max in Single Turn 1 | . . . 1 Machines Repaired . | . . . . Machines Sabotaged . | . . . . Overloaded Fab Kills . | . . . . Hacking | -11 -10 -10 -9 --------- Run | Jun Mat Min Mat Machines Accessed . | . . . . Terminals . | . . . . Fabricators . | . . . . Repair Stations . | . . . . Recycling Units . | . . . . Scanalyzers . | . . . . Garrison Access . | . . . . Total Hacks . | . . . . Successful . | . . . . Failed . | . . . . Catastrophic . | . . . . Database Lockouts . | . . . . Manual . | . . . . Terminals . | . . . . Fabricators . | . . . . Repair Stations . | . . . . Recycling Units . | . . . . Scanalyzers . | . . . . Garrison Access . | . . . . Terminal Hacks . | . . . . Fabricator Hacks . | . . . . Repair Station Hacks . | . . . . Recycling Unit Hacks . | . . . . Scanalyzer . | . . . . Garrison Access Hacks . | . . . . Unauthorized Hacks . | . . . . Terminals . | . . . . Fabricators . | . . . . Repair Stations . | . . . . Recycling Units . | . . . . Scanalyzers . | . . . . Garrison Access . | . . . . Data Cores Recovered . | . . . . Used . | . . . . Hacking Detections . | . . . . Full Trace Events . | . . . . Feedback Events . | . . . . Feedback Blocked . | . . . . Robot Schematics Acquired . | . . . . Robots Built . | . . . . Authchips . | . . . . Time . | . . . . Total Robot Build Rating . | . . . . Part Schematics Acquired . | . . . . Parts Built . | . . . . Authchips . | . . . . Time . | . . . . Total Part Build Rating . | . . . . Parts Repaired . | . . . . Time . | . . . . Parts Recycled . | . . . . Recycled Matter . | . . . . Retrieved Matter . | . . . . Retrieved Components . | . . . . Parts Scanalyzed . | . . . . Part Schematics Acquired . | . . . . Parts Damaged . | . . . . Bothacking | -11 -10 -10 -9 ------------ Run | Jun Mat Min Mat Used RIF Installer . | . . . . Robots Hacked . | . . . . Non-combat . | . . . . Combat . | . . . . Robot Hacks Applied . | . . . . Relay Couplers Released . | . . . . Fabnet Peak Effective % . | . . . . Robots Rewired . | . . . . Allies Hacked . | . . . . Hacks Repelled . | . . . . Allies | -11 -10 -10 -9 -------- Run | Jun Mat Min Mat Total Allies . | . . . . Largest Group . | . . . . Highest-Rated Group . | . . . . Highest-Rated Ally . | . . . . Total Orders . | . . . . Ally Attacks . | . . . . Total Damage . | . . . . Kills . | . . . . Allies Corrupted . | . . . . Allies Melted . | . . . . Intel | -11 -10 -10 -9 ------- Run | Jun Mat Min Mat Robot Analysis Total . | . . . . Derelict Logs Recovered . | . . . . Drone Launches . | . . . . Drone Recoveries . | . . . . Exploration | -11 -10 -10 -9 ------------- Run | Jun Mat Min Mat Turns Passed 1158 | 5 458 466 229 Spaces Moved 719 | 1 255 244 219 Core 175 | . 2 . 173 Treads 544 | 1 253 244 46 Legs . | . . . . Wheels . | . . . . Hover . | . . . . Flight . | . . . . Fastest Speed 50 | 160 150 160 50 Average Speed 133 | 160 159 160 73 Slowest Speed 160 | 160 160 160 160 Overloaded Moves . | . . . . Propulsion Burnouts . | . . . . Robots Hopped . | . . . . Cave-ins Triggered . | . . . . Exploration Rate (%) 35 | 2 47 61 30 Regions Visited 3 Branch Regions 1 Pre-discovered Areas . | . . . . Known Exits Taken . | . . . . Unknown Exits Taken 3 | 1 1 1 . Scrap Searched 1 | . . 1 . Spaces Dug . | . . . . Terrain Destroyed 49 | . . . 49 Melee . | . . . . Projectile . | . . . . AOE 49 | . . . 49 Terrain Rammed . | . . . . Walls Destroyed . | . . . . Machines Disabled . | . . . . Actions | -11 -10 -10 -9 --------- Run | Jun Mat Min Mat Total 823 | 6 286 276 255 Wait 10 | . 5 5 . Move 716 | . 254 243 219 Hop . | . . . . Pick Up 10 | . 6 1 3 Fast Attach 11 | . 11 . . Attach 6 | 2 . 2 2 Detach . | . . . . Swap 8 | . 1 . 7 Drop 7 | 4 1 . 2 Fire 55 | . 8 25 22 Melee . | . . . . Ram . | . . . . Kick . | . . . . Crush . | . . . . Escape Stasis . | . . . . Rewire . | . . . . Trap . | . . . . Miscellaneous . | . . . . Route ------- -11/Junkyard -10/Materials (discovered 2 exits: [*Mat] / [*Min]) -10/Mines -9/Materials (discovered 2 exits: [*Mat x2]) History --------- Turn | Location | Event 6 | -11/Junkyard | Discovered new exit (range 0) 6 | -11/Junkyard | Entered Materials 290 | -10/Materials | Discovered new exit (range 12) 303 | -10/Materials | Build established: Mutant 454 | -10/Materials | Discovered new exit (range 6) 464 | -10/Materials | Entered Mines 790 | -10/Mines | Discovered new exit (range 15) 880 | -10/Mines | Assembled infested the area 885 | -10/Mines | Assisted by a Guerilla fighting off Assembled 930 | -10/Mines | Entered Materials 930 | -9/Materials | Evolved 2 slots: Utility x1, Weapon x1 1072 | -9/Materials | Released all parts (4) 1085 | -9/Materials | Core integrity fell below 50% 1089 | -9/Materials | Discovered new exit (range 13) 1098 | -9/Materials | Lost 4 parts (1p1u2w) 1128 | -9/Materials | Core integrity fell below 20% 1156 | -9/Materials | Discovered new exit (range 6) 1159 | -9/Materials | Self-destructed Last Messages --------------- 01057_ R-06 Scavenger collects Wheel. 01058_ K-01 Serf collects debris. 01058_ S-10 Pest destroyed. 01060_ K-01 Serf collects debris. 01062_ R-06 Scavenger destroyed. 01063_ K-01 Serf collects debris. 01067_ Assault Rifle destroyed. 01068_ Med. Laser severed. 01070_ The unstable cave ceiling collapses. 01070_ U-05 Engineer builds a Wall. 01071_ K-01 Serf collects debris. 01072_ Released Lgt. Treads. 01072_ Released Lgt. Assault Rifle. 01072_ Released Sml. Storage Unit. 01072_ Released Lgt. Treads. 01074_ K-01 Serf collects debris. 01082_ S-10 Pest destroyed. 01089_ EXIT=FOUND 01132_ K-01 Serf collects debris. 01156_ EXIT=FOUND Map ----- +----------------------------------------------------+ | # """ #????????????????????? | | #????????????????????? | | ## #????????????????????? | | ?############## #????????????????????? | | ??????????????######????????????????????? | | ????????????????????????????????????? | | #???????????????????????????????????? | | #???????????????????????????????????? | | #???????????????????????????????????? | | ????????????????????????????????????? | | ????????????????????????????????????????? | | ????????????????????????????????????????? | | ????????????????????????????????????????? | | ????????????????????????????????????????? | | ????????????????????????????????????????? | | ????????????????????????????????????????? | | ????????????????????????????????????????? | | ????????????????????????????????????????? | | ????????#######?????????????????????????? | | ######### #?????????????????????????? | | #?????????????????????????? | | ########??????????????????? | | ## ########???????????? | | ######### ## #???????????? | | ????????## ### < #???????????? | | ########## #?# @ #???????????? | | #?# ########???????????? | | #?## ##??????????????????? | | #??# #???????????????????? | | ########## #??# #???????????????????? | | ????????# #### #???????????????????? | | ????????# #???????????????????? | | "????????+ #???????????????????? | | ?????????# #???????????????????? | | ?????????####+#######???????????????????? | | ????????????????????????????????????????? | | ????????????????????????????????????????? | | ????????????????????????????????????????? | | ????????????????????????????????????????? | | ????????????????????????????????????????? | | ????????????????????????????????????????? | | ????????????????????????????????????????? | | ????????????????????????????????????????? | | ????????????????????????????????????????? | | ????????????????????????????????????????? | | ????????????????????????????????????????? | | ????????????????????????????????????????? | | ????????????????????????????????????????? | | ????????????????????????????????????????? | | ????????????????????????????????????????? | +----------------------------------------------------+ Best States ------------- Heat Dissipation 28 Energy Generation 10 Energy Capacity 250 Matter Stores 300 Matter Capacity 300 Sight Range 16 Terrain Scan Density 10 Armor Coverage 150 Evasion (%) 50 Recoil Reduction 2 Item Schematics ----------------- None Robot Schematics ------------------ None Fabricated ------------ Nothing Alien Tech Used ----------------- None Achievements -------------- None Challenges ------------ None Game ------ Seed GuidedThrowingConstruct Manual? 0 Play Time 00:08:13 Cumulative 751.3 hours Start 2023.03.06 @ 12:40:50 End 2023.03.06 @ 12:46:47 Sessions 1 Manual Loads 0 Difficulty Rogue Special Mode None Game No. 659 Rogue 659 Adventurer 0 Explorer 0 Win Type - Total 35 Types 14/5/6/1/1/1/5/1/1 Lore% 93 Gallery% 97 Achievement% 81 Wizard Run 0 Options --------- ASCII 0 Keyboard 0 Movement Mouse Keybinds 1 Fullscreen 2 Font 24/Smallcaps Map View 76x50 Tactical HUD 1 Map Filters NONE Filters NONE Steam 1 RUN: 73fb5c96-65ac-4574-b854-29ba0fb1db04